 Dungeon Crawl Stone Soup version 0.27-a0-1177-g245c70e1c0 (webtiles) character file.

Game seed: 16898202728428570522

3588 bilbop the Fighter (level 9, -1/81 HPs)
             Began as a Minotaur Abyssal Knight on May 16, 2021.
             Was an Elder of Lugonu.
             Killed by divine providence
             ... invoked by a smoke demon
             ... summoned by a kobold demonologist
              (11 damage)
             ... in a bailey.
             The game lasted 00:41:43 (7420 turns).

bilbop the Fighter (Minotaur Abyssal Knight)        Turns: 7420, Time: 00:41:43

Health: -1/81      AC: 11    Str: 18    XL:     9   Next: 85%
Magic:  14/14      EV: 16    Int: 11    God:    Lugonu [****..]
Gold:   363        SH:  0    Dex: 10    Spells: 16/16 levels left

rFire    . . .     SeeInvis .   a - +1 spear
rCold    . . .     Faith    .   (no shield)
rNeg     . . .     Spirit   .   p - +1 chain mail {rPois}
rPois    +         Reflect  .   (helmet restricted)
rElec    .         Harm     .   (no cloak)
rCorr    .         Rampage  .   (no gloves)
Will     .....                  (no boots)
Stlth    ..........             n - amulet of regeneration
HPRegen  1.23/turn              k - +4 ring of evasion
MPRegen  0.14/turn              l - +4 ring of evasion

@: no status effects
A: horns 2, retaliatory headbutt
a: Renounce Religion, Depart the Abyss, Bend Space, Banish, Corrupt


You were in a bailey.
You worshipped Lugonu.
Lugonu was greatly pleased with you.
You visited 1 branch of the dungeon, and saw 8 of its levels.
You visited the Abyss 1 time.
You also visited: Sewer and Bailey.

You collected 363 gold pieces.

Inventory:

Hand Weapons
 a - a +1 spear (weapon)
 b - a +0 hand crossbow
Missiles
 m - 14 boomerangs of dispersal
 s - a curare-tipped dart
 y - 31 bolts
Armour
 f - +0 acid dragon scales
 p - a +1 chain mail of poison resistance (worn)
 A - a +2 robe of willpower
Jewellery
 k - a +4 ring of evasion (left hand)
 l - a +4 ring of evasion (right hand)
 n - an amulet of regeneration (around neck)
 r - an amulet of faith
Wands
 q - a wand of flame (29)
 x - a wand of paralysis (7)
 B - a wand of iceblast (8)
Scrolls
 d - a scroll of holy word
 g - a scroll of enchant armour
 h - 2 scrolls of fear
 o - 4 scrolls of teleportation
 v - a scroll of blinking
 z - 2 scrolls of fog
 C - a scroll of magic mapping
 D - 2 scrolls of identify
Potions
 c - a potion of ambrosia {unknown}
 e - 4 potions of flight {unknown}
 i - a potion of cancellation {unknown}
 j - 3 potions of might {unknown}
 t - 5 potions of heal wounds
 u - a potion of brilliance {unknown}
 w - 2 potions of curing
 E - a potion of berserk rage {unknown}


   Skills:
 + Level 8.2 Fighting
 + Level 7.8 Polearms
 + Level 3.0 Crossbows
 + Level 7.8 Armour
 - Level 1.1 Dodging
 + Level 4.1 Spellcasting
 + Level 6.3 Invocations


You had 16 spell levels left.
You didn't know any spells.
Your spell library contained the following spells:

 Spells                   Type           Power      Damage    Failure   Level
 Shock                    Conj/Air       8%         1d3       93%         1
 Static Discharge         Conj/Air       2%         N/A       98%         2
 Swiftness                Air            2%         N/A       100%        3
 Airstrike                Air            1%         N/A       100%        4
 Lightning Bolt           Conj/Air       1%         1d12      100%        5


Dungeon Overview and Level Annotations

Branches:
Dungeon (8/15)             Temple (0/1) D:6           Sewer (visited)
 Bailey (1/1)
   Lair: D:8-11

Altars:

Shops:
D:6 [

Annotations:
D:5 6 runed translucent doors, Crazy Yiuf


Innate Abilities, Weirdness & Mutations

You have a pair of horns on your head.
You reflexively headbutt those who attack you in melee.


Message History

You hit the orc high priest but do no damage.
The orc warrior barely misses you. The smoke demon closely misses you. x2
The smoke demon hits you but does no damage.
The orc high priest hits you with a +0 war axe.
The hellwing barely misses you. You furiously retaliate!
You headbutt the hellwing, but do no damage.
The hellwing misses you. The orange demon stings you from afar!
* * * LOW HITPOINT WARNING * * *
Reach: a) +1 spear
Press: ? - help, Dir - move target, f/p - kobold demonologist
Aim: a kobold demonologist, wielding a +0 broad axe and wearing a +0 ring mail (severely wounded, about 40% to evade your +1 spear)
You reach to attack!
Your chain mail prevents you from hitting the kobold demonologist.
The kobold demonologist is severely wounded.
The orc warrior misses you.
The orc high priest hits you with a +0 war axe.
* * * LOW HITPOINT WARNING * * *
The smoke demon closely misses you. The smoke demon hits you.
* * * LOW HITPOINT WARNING * * *
The smoke demon hits you but does no damage.
The hellwing closely misses you. You furiously retaliate!
You headbutt the hellwing, but do no damage.
The hellwing barely misses you. The orange demon barely misses you.
Space bends around you!
You blink.
A goblin, a hobgoblin, a gnoll and an orc warrior come into view.
The hobgoblin shouts!
The gnoll shouts!
The orc warrior shouts!
The goblin shouts!
You hear a shout!
The shadow imp misses you.
Found a runed morningstar and a long sword.
The orange demon disappears in a puff of smoke!
The kobold demonologist looks encouraged for a moment.
The orc high priest calls upon Beogh to heal the orc warrior.
The orc warrior is healed somewhat.
The kobold demonologist mumbles some strange words.
The shadow imp gestures at you. Pain shoots through your body!
* * * LOW HITPOINT WARNING * * *
The smoke demon gestures at you. Something smites you!
You die...

#))#...5#......#.≈≈≈≈≈.
#..#.3go#####''#.≈≈≈≈≈.
#..#..5.##.....#.≈≈≈≈≈.
## #.4g.##.....).......
#._oo##..⌠..))...... ##
#..5.##.....'.......
#..#....##.....#.≈≈≈≈≈.
#..#....#####++#.≈≈≈≈≈.
#..#..@.# #.≈≈≈≈≈.
#..#....# #.≈≈≈≈≈≈
#####..... ###≈≈≈≈≈
+.8.8.8. #≈≈≈≈≈
#.......# #≈≈≈≈≈
#+####### #≈≈≈≈≈ #≈≈≈≈≈
#≈≈≈≈≈


You could see an orc high priest, an ice devil (summoned), a smoke demon
(summoned), an orc warrior, a gnoll, a white imp (summoned), a shadow imp
(summoned), an orc and a hobgoblin.

Vanquished Creatures
  Pikel (D:6)
  Maggie (D:7)
  Menkaure (D:7)
  3 water moccasins
  Duvessa (D:6)
  An ice beast (D:6)
  A black bear (D:6)
  2 orc warriors
  2 ogres
  2 centaurs
  2 kobold brigands
  A bullfrog (D:7)
  2 scorpions
  A wyvern skeleton (D:7)
  Dowan (D:6)
  8 wights
  A howler monkey (D:5)
  An electric eel (Bailey)
  A bullfrog zombie (D:5)
  2 centaur zombies
  2 hounds
  2 jellies
  An orc priest (D:3)
  A gnoll shaman (D:3)
  Natasha (thrice) (D:3)
  3 iguanas (D:5)
  2 orc wizards
  A killer bee zombie (D:7)
  A hound skeleton (D:4)
  5 gnolls
  5 adders
  An adder skeleton (D:4)
  2 worms
  A dart slug (D:5)
  14 orcs
  9 ball pythons
  9 endoplasms
  4 giant cockroaches
  11 goblins
  6 hobgoblins
  2 jackals (D:1)
  A quokka (D:1)
  12 bats
  2 frilled lizards
  21 kobolds
  A quokka skeleton (D:4)
  8 rats
165 creatures vanquished.

Vanquished Creatures (others)
  A steam dragon (D:7)
  3 kobolds (D:7)
4 creatures vanquished.

Grand Total: 169 creatures vanquished

Notes
Turn   | Place    | Note
-------+----------+-------------------------------------------
     0 | Abyss:1  | bilbop the Minotaur Abyssal Knight began the quest for the
                  | Orb.
     0 | Abyss:1  | Reached XP level 1. HP: 19/19 MP: 1/1
    36 | Abyss:1  | Noticed a starcursed mass
    40 | Abyss:1  | Noticed a large abomination
    51 | Abyss:1  | Noticed a black draconian scorcher
    55 | D:1      | Escaped the Abyss
   505 | D:1      | Reached XP level 2. HP: 26/27 MP: 2/2
   540 | D:1      | Reached * piety under Lugonu
  1162 | D:2      | Reached skill level 4 in Fighting
  1162 | D:2      | Reached XP level 3. HP: 33/33 MP: 3/3
  1951 | D:3      | Found a faded altar of an unknown god.
  1972 | D:3      | Identified the +6 quarterstaff "Huil" {vorpal, *Slow rN+
                  | Will+}
  2490 | D:3      | Noticed Natasha
  2497 | D:3      | Reached XP level 4. HP: 40/40 MP: 4/4
  2500 | D:3      | Killed Natasha
  2501 | D:3      | Reached skill level 1 in Spellcasting
  2565 | D:3      | Reached ** piety under Lugonu
  2566 | D:3      | Reached XP level 5. HP: 22/47 MP: 4/6
  2905 | D:3      | Noticed Natasha
  2914 | D:3      | Killed Natasha
  3065 | D:3      | Found a faded altar of an unknown god.
  3508 | D:3      | Noticed Natasha
  3515 | D:3      | Killed Natasha
  3719 | D:4      | Reached XP level 6. HP: 52/55 MP: 7/7
  3871 | D:4      | Reached skill level 5 in Fighting
  4352 | D:5      | Entered Level 5 of the Dungeon
  4353 | D:5      | Found a glowing drain.
  4379 | Sewer    | Entered a sewer
  4418 | Sewer    | Reached XP level 7. HP: 49/61 MP: 7/9
  4531 | Sewer    | Reached *** piety under Lugonu
  4697 | D:5      | Reached skill level 5 in Polearms
  4697 | D:5      | Reached skill level 5 in Armour
  4902 | D:5      | Found the +9 staff of Olgreb {rPois∞}
  4928 | D:5      | Found a runed translucent door.
  4935 | D:5      | Found a runed translucent gate.
  4935 | D:5      | Found a runed translucent gate.
  4935 | D:5      | Noticed a redback
  4936 | D:5      | Found a runed translucent door.
  4947 | D:5      | Found a runed translucent gate.
  4948 | D:5      | Noticed a redback
  5137 | D:5      | Reached skill level 6 in Fighting
  5312 | D:5      | Found a runed translucent door.
  5313 | D:5      | Noticed Crazy Yiuf
  5604 | D:6      | Noticed Pikel
  5645 | D:6      | Killed Pikel
  5646 | D:6      | Reached XP level 8. HP: 25/71 MP: 9/11
  5687 | D:6      | Reached skill level 5 in Invocations
  5696 | D:6      | Found a staircase to the Ecumenical Temple.
  5799 | D:6      | Reached skill level 7 in Fighting
  5864 | D:6      | Noticed Duvessa
  5864 | D:6      | Noticed Dowan
  5887 | D:6      | Killed Duvessa
  5894 | D:6      | Reached XP level 9. HP: 67/79 MP: 13/13
  5907 | D:6      | Killed Dowan
  5981 | D:6      | Found Tacea's Antique Armour Shop.
  6246 | D:7      | Noticed Maggie
  6312 | D:7      | Reached skill level 1 in Crossbows
  6324 | D:7      | Killed Maggie
  6473 | D:7      | Noticed Menkaure
  6485 | D:7      | Killed Menkaure
  6700 | D:7      | Reached **** piety under Lugonu
  7123 | D:8      | Reached skill level 8 in Fighting
  7224 | D:8      | Found a flagged portal.
  7271 | Bailey   | Entered a bailey
  7376 | Bailey   | Found an iron altar of Okawaru.
  7376 | Bailey   | Noticed an orc high priest
  7376 | Bailey   | Noticed a kobold demonologist
  7391 | Bailey   | Noticed an orange demon
  7398 | Bailey   | Noticed a hellwing
  7400 | Bailey   | Noticed an ice devil
  7405 | Bailey   | Noticed a smoke demon
  7415 | Bailey   | Noticed a smoke demon
  7420 | Bailey   | Killed from afar by a smoke demon

Illustrated notes

Levels and vault maps discovered:
D:1:      dpeg_arrival_another_circle, layout_loops_ring
D:2:      layout_loops_ring
D:3:      layout_basic, hellmonk_ecumenical_altar_lost_god, uniq_natasha
D:4:      layout_basic, nicolae_overflow_hidden_temple
D:5:      layout_gridville, portal_sewer_entry_a,
          minmay_guarded_unrand_staff_of_olgreb, uniq_crazy_yiuf_cottage
D:6:      layout_rooms, minmay_temple_entry_stoned_glass, serial_shops, shop,
          uniq_duvessa, uniq_pikel
D:7:      layout_loops_ring, minmay_unpleasant_kobolds, uniq_maggie,
          uniq_menkaure
D:8:      layout_basic, enter_bailey_6
Bailey:   bailey_axe_of_yendor_kennysheep, bailey

Skill      XL: |  1  2  3  4  5  6  7  8  9 |
---------------+----------------------------+-----
Invocations    | 2 3 4 5 6 |  6.3
Fighting       | 4 5 6 7 8 |  8.2
Armour         | 3 4 6 7 |  7.8
Polearms       | 3 4 6 7 |  7.8
Spellcasting   | 1 2 3 4 |  4.1
Crossbows      | 3 |  3.0
Dodging        | |  1.1

Action                   |  1- 3 |  4- 6 |  7- 9 || total
-------------------------+-------+-------+-------++-------
Melee: Spear             |   125 |   150 |   469 ||   744
       Headbutt          |    13 |    19 |    79 ||   111
 Fire: Hand crossbow     |       |       |     2 ||     2
Invok: Depart the Abyss  |     1 |       |       ||     1
       Bend Space        |       |       |     4 ||     4
  Use: Scroll            |       |       |     9 ||     9
       Potion            |       |       |     2 ||     2
Armor: Leather armour    |     4 |       |       ||     4
       Ring mail         |    29 |       |       ||    29
       Chain mail        |     3 |    38 |   107 ||   148
Dodge: Dodged            |    37 |    94 |   288 ||   419

Table legend: (Time is in decaauts)
 A = Elapsed time spent in this place.
 B = Non-inter-level travel time spent in this place.
 C = Inter-level travel time spent in this place.
 D = Time resting spent in this place.
 E = Time spent auto-exploring this place.
 F = Levels seen in this place.
 G = Mean time per level.
                   A        B        C        D        E       F      G
               +--------+--------+--------+--------+--------+-----+--------+
         Total |   7316 |   6960 |    356 |    339 |   5271 |  11 |  665.1 |
       Dungeon |   6839 |   6483 |    356 |    303 |   5084 |   8 |  854.9 |
         Abyss |     55 |     55 |      0 |      0 |     35 |   1 |   55.0 |
         Sewer |    286 |    286 |      0 |      0 |    151 |   1 |  286.0 |
        Bailey |    135 |    135 |      0 |     36 |      0 |   1 |  135.0 |
               +--------+--------+--------+--------+--------+-----+--------+

Top non-repeatable levels by time:
     D:3: 1818 daAuts
     D:1: 1045 daAuts
     D:5: 956 daAuts
     D:7: 871 daAuts
     D:2: 765 daAuts
     D:4: 651 daAuts
     D:6: 550 daAuts
   Sewer: 286 daAuts
     D:8: 181 daAuts
  Bailey: 135 daAuts
 Abyss:1: 55 daAuts
